 Dungeon Crawl Stone Soup version 0.19-a0-1071-g4ed3155 (webtiles) character file.

110 4thArraOfDagon the Chopper (level 4, 11/39 HPs)
             Began as a Minotaur Berserker on Aug 5, 2016.
             Was a Follower of Trog.
             Quit the game on level 5 of the Dungeon.
             The game lasted 00:01:37 (359 turns).

4thArraOfDagon the Chopper (Minotaur Berserker)      Turns: 359, Time: 00:01:38

Health: 11/39      AC:  5    Str: 23    XL:     4   Next: 61%
Magic:  3/3        EV: 11    Int:  4    God:    Trog [*.....]
Gold:   56         SH:  0    Dex:  9    Spells: 0 memorised, 3 levels left

rFire  . . .     SeeInvis .     a - +0 hand axe
rCold  . . .     Gourm    .     i - +0 ring mail
rNeg   . . .     Faith    .     (no shield)
rPois  .         Spirit   .     (helmet restricted)
rElec  .         Dismiss  .     (no cloak)
rCorr  .         Reflect  .     (no gloves)
SustAt .         Harm     .     (no boots)
MR     .....                    (no amulet)
Stlth  ..........               (no ring)
                                (no ring)

@: seriously poisoned (11 -> 3), exhausted, slowed, very slow
A: retaliatory headbutt, horns 2
a: Berserk, Burn Spellbooks, Renounce Religion


You were on level 5 of the Dungeon.
You worshipped Trog.
Trog was aware of your devotion.
You were very hungry.

You visited 1 branch of the dungeon, and saw 5 of its levels.

You collected 56 gold pieces.

Inventory:

Hand Weapons
 a - a +0 hand axe (weapon)
Armour
 b - a +0 animal skin
 i - a +0 ring mail (worn)
Wands
 d - a wand of polymorph (8/24)
Scrolls
 e - a scroll of remove curse {unknown}
 h - a scroll of identify {unknown}
 k - a scroll of teleportation {unknown}
Potions
 g - a potion of brilliance {unknown}
 j - 2 potions of resistance {unknown}
Comestibles
 c - a bread ration
 f - a meat ration
 l - 3 chunks of flesh


   Skills:
 - Level 3.6 Fighting
 * Level 5.7 Axes
 + Level 3.9 Armour
 - Level 2.1 Dodging


You had 3 spell levels left.
You didn't know any spells.

Dungeon Overview and Level Annotations

Branches:
Dungeon (5/15)
 Temple: D:4-7

Altars:
Xom


Innate Abilities, Weirdness & Mutations

You reflexively headbutt those who attack you in melee.
You have a pair of horns on your head.


Message History

The adder hisses angrily.
You closely miss the adder. The adder bites you.
You are poisoned.
The adder poisons you! The adder misses you.
You closely miss the adder.
You feel sick. The adder bites you.
You are more poisoned.
The adder poisons you! The adder bites you but does no damage.
You barely miss the adder.
You feel sick. The adder barely misses you. You furiously retaliate!
You headbutt the adder, but do no damage.
The adder closely misses you.
You miss the adder.
You feel sick. The adder closely misses you. You furiously retaliate!
You headbutt the adder. The adder bites you but does no damage.
You are too injured to fight recklessly!
You are too injured to fight recklessly!
You are too injured to fight recklessly!
You are too injured to fight recklessly!
You are too injured to fight recklessly!
Are you sure you want to abandon this character and quit the game? (Confirm with "yes".)

## #.# # #.#
... #####S#
..## #...@##
##..##
#.###.###....##
#
#..#......##.#
#.............
#.........#
##<....<.#
##.....##
.........#
####.###.#


You could see an adder.

Vanquished Creatures
  An orc priest (D:4)
  A jelly (D:5)
  Terence (D:2)
  A dart slug (D:1)
  2 giant geckos
  2 orcs (D:4)
  3 goblins
  A hobgoblin (D:1)
  A quokka (D:3)
  A bat (D:2)
  A giant newt (D:2)
  3 kobolds
  A rat (D:1)
19 creatures vanquished.

Notes
Turn   | Place    | Note
-------+----------+-------------------------------------------
     0 | D:1      | 4thArraOfDagon the Minotaur Berserker began the quest for the Orb.
     0 | D:1      | Reached XP level 1. HP: 19/19 MP: 0/0
    34 | D:1      | Reached skill level 4 in Axes
    34 | D:1      | Reached XP level 2. HP: 15/26 MP: 1/1
   124 | D:2      | Noticed Terence
   137 | D:2      | Killed Terence
   137 | D:2      | Reached XP level 3. HP: 11/31 MP: 2/2
   277 | D:5      | Entered Level 5 of the Dungeon
   289 | D:4      | Found a shimmering altar of Xom.
   293 | D:4      | Reached skill level 5 in Axes
   296 | D:4      | Reached XP level 4. HP: 39/39 MP: 3/3
   359 | D:5      | Quit the game

Vault maps used:
D:1:      nicolae_arrival_somewhat_less_tricky_arrival, cheibriados_altar_1
D:2:      grunt_temple_overflow_opulence, ecumenical_altar_2,
          serial_park_tiny_2, tgw_kikubaaqudgha, uniq_terence
D:3:      lemuel_tele_altar, uniq_jessica, uniq_grinder
D:4:      lemuel_upstairs_altar, eat_drink_and_be_merry_uskayaw,
          kennysheep_little_box, first_bread,
          lightli_ossuary_entry_decrepit_ruins, minmay_misc_feat_plants,
          st_stairs_10, minmay_misc_feat_encased
D:5:      grunt_dithmenos_smoke_and_mirrors, serial_shops, shop, st_stairs_12,
          uniq_blork_the_orc, uniq_crazy_yiuf_cottage

Skill      XL: |  1  2  3 |
---------------+----------+-----
Axes           | 4 5 |  5.7
Armour         | 3 |  3.9
Fighting       | |  3.6
Dodging        | |  2.1

Action                   |  1- 3 |  4- 6 || total
-------------------------+-------+-------++-------
Melee: Hand axe          |    26 |     8 ||    34
       Unarmed           |    15 |       ||    15
       Headbutt          |     1 |       ||     1
Invok: Berserk           |     2 |     1 ||     3
  Use: Potion            |     1 |       ||     1
Armor: Animal skin       |     3 |       ||     3
       Ring mail         |       |     2 ||     2
Dodge: Dodged            |    45 |     8 ||    53
